 Dungeon Crawl Stone Soup version 0.21-a0-404-g291f19a (webtiles) character file.

158 Rottenbandages the Insei (level 5, 0/41 HPs)
             Began as a Mummy Monk on Oct 26, 2017.
             Slain by a river rat (4 damage)
             ... on level 3 of the Dungeon.
             The game lasted 00:04:36 (4073 turns).

Rottenbandages the Insei (Mummy Monk)               Turns: 4073, Time: 00:04:37

Health: 0/41       AC:  0    Str: 14    XL:     5   Next: 16%
Magic:  5/5        EV: 13    Int: 10    God:
Gold:   160        SH:  0    Dex: 15    Spells: 4/4 levels left

rFire    x . .     SeeInvis .     - Unarmed
rCold    + . .     Gourm    .   (no shield)
rNeg     + + +     Faith    .   (no armour)
rPois    ∞         Spirit   .   (no helmet)
rElec    .         Reflect  .   (no cloak)
rCorr    .         Harm     .   (no gloves)
MR       .....                  (no boots)
Stlth    +++.......             (no amulet)
HPRegen  0.13/turn              (no ring)
MPRegen  0.09/turn              f - ring of stealth

@: no status effects
A: no food or potions, fire vulnerability, cold resistance 1, negative energy
resistance 3, torment resistance, unbreathing
a: no special abilities


You were on level 3 of the Dungeon.
You were not hungry.

You visited 1 branch of the dungeon, and saw 3 of its levels.

You collected 160 gold pieces.


Innate Abilities, Weirdness & Mutations

You do not eat or drink.
Your flesh is vulnerable to fire.
You are immune to poison.
Your flesh is cold resistant. (rC+)
You are immune to negative energy. (rN+++)
You are immune to unholy pain and torment.
You can survive without breathing.


   Skills:
 - Level 3.0 Fighting
 - Level 2.4 Dodging
 - Level 1.5 Stealth
 + Level 4.9 Unarmed Combat


You had 4 spell levels left.
You didn't know any spells.

Inventory:

Armour
 g - a +0 helmet
Jewellery
 f - a ring of stealth (right hand)
Scrolls
 c - 2 scrolls of remove curse

Dungeon Overview and Level Annotations

Branches:
Dungeon (3/15)

Altars:
Zin

Portals:
Sewer: D:3

Annotations:
D:3 zodiak12's ghost, amateur DrTm

▒▒▒▒▒▒▒
▒..M.≈▒
▒.wrw≈▒ ▒▒▒▒
▒.≈w≈≈▒
▒.S▒▒▒..≈≈≈S▒
▒WBS▒▒w≈≈≈≈∩▒
▒▒h.▒▒.▒▒▒▒▒▒
▒....S▒
▒▒▒▒''▒▒▒▒
▒▒........▒


You could see 3 worms, an adder, a river rat, a dart slug and a ball python
(wandering).


Message History

* * * don't die
* * * You take 15 damage, and have 11/41 hp!
MASSIVE DAMAGE!!!!!!
Unknown command!
Okay, then!
As you read the scroll labeled EVO VEASEIMY, it crumbles to dust!
It is a scroll of identify!
g - a +0 helmet The giant cockroach barely misses you!
The adder bites you! * * * don't die
* * * Zodiak12's ghost completely misses you!
You take 4 damage, and have 7/41 hp!
As you read the scroll of identify {@r1}, it crumbles to dust!
c - 2 scrolls of remove curse Your surroundings suddenly seem different!
Found a glowing drain!
A worm comes into view!
Quiver which item? (- for none, * to show all) (? for menu, Esc to quit)
Okay, then!
Unknown command!
There are monsters nearby!!!
There are monsters nearby!!!
The river rat barely misses you! The river rat barely misses you!
The worm splashes around in the water!
The river rat bites you! * * * don't die
* * * You take 4 damage, and have 4/41 hp!
The river rat completely misses you! The worm closely misses you!
The river rat closely misses you!
The worm splashes around in the water!
The river rat bites you! rip

Action                   |  1- 3 |  4- 6 || total
-------------------------+-------+-------++-------
Melee: Unarmed           |   121 |    98 ||   219
       Punch             |     1 |     1 ||     2
  Use: Scroll            |       |     5 ||     5
 Stab: Sleeping          |     4 |     1 ||     5
Dodge: Dodged            |    72 |    74 ||   146

Vault maps used:
D:1:      lightli_arrival_chessboard
D:2:      minmay_misc_feat_tower
D:3:      cheibrodos_pilgrimage, zin_academy, portal_sewer_entry_b,
          kennysheep_big_empty_room

Notes
Turn   | Place    | Note
-------+----------+-------------------------------------------
     0 | D:1      | Rottenbandages the Mummy Monk began the quest for the Orb.
     0 | D:1      | Reached XP level 1. HP: 18/18 MP: 1/1
   168 | D:1      | Reached skill level 3 in Unarmed Combat
   168 | D:1      | Reached XP level 2. HP: 20/24 MP: 2/2
   899 | D:1      | Reached XP level 3. HP: 23/29 MP: 3/3
  1664 | D:2      | Reached skill level 4 in Unarmed Combat
  1918 | D:2      | Reached XP level 4. HP: 9/35 MP: 4/4
  3754 | D:3      | Noticed zodiak12's ghost (amateur DrTm)
  3798 | D:3      | Found a glowing silver altar of Zin.
  3989 | D:3      | Reached XP level 5. HP: 41/41 MP: 5/5
  4067 | D:3      | Found a glowing drain.
  4070 | D:3      | HP: 4/41 [river rat (4)]
  4073 | D:3      | Slain by a river rat

Vanquished Creatures
  An orc priest (D:3)
  4 gnolls (D:2)
  3 adders (D:2)
  3 worms (D:2)
  2 dart slugs
  A leopard gecko (D:1)
  An orc (D:2)
  5 giant cockroaches
  7 goblins
  3 hobgoblins
  3 jackals (D:1)
  A kobold (D:1)
  A ball python (D:1)
  6 bats
  6 frilled lizards
  6 rats
53 creatures vanquished.
